 Dungeon Crawl Stone Soup version 0.28.0-47-ge53b351184 (webtiles) character file.

Game seed: 3381348193096071913

6 zulu the Firebug (level 1, 0/11 HPs)
             Began as an Octopode Fire Elementalist on Apr 26, 2022.
             Slain by an endoplasm (1 damage)
             ... on level 1 of the Dungeon.
             The game lasted 00:03:21 (298 turns).

zulu the Firebug (Octopode Fire Elementalist)        Turns: 298, Time: 00:03:22

Health: 0/11       AC:  1    Str:  7    XL:     1   Next: 90%
Magic:  3/3        EV: 13    Int: 17    God:
Gold:   0          SH:  0    Dex: 12    Spells: 3/4 levels left

rFire   . . .      SeeInvis .   (no weapon)
rCold   . . .      Faith    .   (no shield)
rNeg    . . .      Spirit   .   (helmet restricted)
rPois   .          Reflect  .   (no amulet)
rElec   .          Harm     .   (no ring)
rCorr   .          Rampage  .   (no ring)
Will    .....                   (no ring)
Stlth   +++.......              (no ring)
HPRegen 0.03/turn               (no ring)
MPRegen 0.08/turn               (no ring)
                                (no ring)
                                (no ring)

@: no status effects
A: almost no armour, amphibious, 8 rings, camouflage 1, gelatinous body 1,
(nimble swimmer 1), tentacles
a: no special abilities


You were on level 1 of the Dungeon.
You visited 1 branch of the dungeon, and saw 1 of its levels.

Inventory:

Jewellery
 a - an amulet of magic regeneration
Scrolls
 b - a scroll of identify {unknown}
Potions
 c - a potion of curing {unknown}


   Skills:
 + Level 2.1 Dodging
 + Level 2.6 Stealth
 + Level 2.1 Spellcasting
 + Level 1.0 Conjurations
 + Level 3.2 Fire Magic


You had 3 spell levels left.
You knew the following spells:

 Your Spells              Type           Power      Damage    Failure   Level
a - Foxfire               Conj/Fire      36%        2x1d5     9%          1

Your spell library contained the following spells:

 Spells                   Type           Power      Damage    Failure   Level
 Scorch                   Fire           24%        2d6       8%          2
 Conjure Flame            Conj/Fire      9%         6-21      24%         3
 Inner Flame              Hex/Fire       7%         N/A       30%         3
 Flame Wave               Conj/Fire      9%         2d5       63%         4


Dungeon Overview and Level Annotations

Branches:
Dungeon (1/15)

Altars:


Innate Abilities, Weirdness & Mutations

You cannot wear most types of armour.
You are amphibious.
You can wear up to eight rings at the same time.
Your skin changes colour to match your surroundings (Stealth+).
Your rubbery body absorbs attacks. (AC +1, EV +1)
((You are camouflaged when in or above water. (Stealth+)))
You have tentacles for arms and can constrict up to eight enemies at once.


Message History

You barely miss the bat.
The bat is severely wounded.
You constrict the bat.
You kill the bat!
There is an open door here.
Found a stone staircase leading down.
You open the door.
There is an open door here.
You open the door.
An endoplasm and a goblin come into view.
There is an open door here.
The goblin shouts!
Found a stone staircase leading down.
The goblin misses you.
You completely miss the goblin. You grab the goblin. You constrict the goblin.
The goblin completely misses you.
You tentacle-slap the goblin.
The goblin is heavily wounded.
You constrict the goblin. The goblin hits you with a +0 dagger.
The endoplasm barely misses you.
You tentacle-slap the goblin.
You kill the goblin!
The endoplasm hits you.
You tentacle-slap the endoplasm but do no damage.
Your squeeze misses the endoplasm. The endoplasm barely misses you.
You tentacle-slap the endoplasm but do no damage.
The endoplasm hits you but does no damage.
The endoplasm hits you.
Things that are here:
a +0 dagger; a goblin corpse
Found 31 stones.
The endoplasm hits you.
* * * LOW HITPOINT WARNING * * *
You tentacle-slap the endoplasm. You squeeze the endoplasm.
The endoplasm is heavily wounded.
The endoplasm freezes you.
You are frozen.
* * * LOW HITPOINT WARNING * * *
You tentacle-slap the endoplasm.
The endoplasm is severely wounded.
The endoplasm hits you.
You die...

#...(..# #...>..#
#......+ #......#
#......# #......#
#......# #..@J..#
######..)...######.
#.....#....#......
#.....##'###.#...#
#..... #.###.#...+
#..... #.#...#...#
#.....##'#...#...#
#............#...#
#................#


You could see an endoplasm.

Vanquished Creatures
  A bat (D:1)
  2 giant cockroaches (D:1)
  A goblin (D:1)
  A ball python (D:1)
5 creatures vanquished.

Notes
Turn   | Place    | Note
-------+----------+-------------------------------------------
     0 | D:1      | zulu the Octopode Fire Elementalist began the quest for the
                  | Orb.
     0 | D:1      | Reached XP level 1. HP: 11/11 MP: 3/3
   115 | D:1      | Found a faded altar of an unknown god.
   298 | D:1      | Slain by an endoplasm

Illustrated notes

Levels and vault maps discovered:
D:1:      dpeg_arrival_short_road, layout_basic,
          dreamdust_ecumenical_altar_statues, minmay_worlds_worst_comb

Action                   || total
-------------------------++-------
Melee: Unarmed           ||    17
       Constrict         ||     5
       Tentacles         ||     5
 Stab: Sleeping          ||     1
Armor: Skin              ||     3
Dodge: Dodged            ||    20
